 Dungeon Crawl Stone Soup version 0.26-a0-952-g76694b35de (webtiles) character file.

Game seed: 14113132860143054138

14 sokol815 the Bolt Thrower (level 2, -1/18 HPs)
             Began as a Kobold Hunter on Nov 30, 2020.
             Slain by a gnoll (5 damage)
             ... on level 1 of the Dungeon.
             The game lasted 00:01:57 (610 turns).

sokol815 the Bolt Thrower (Kobold Hunter)            Turns: 610, Time: 00:01:57

Health: -1/18      AC:  6    Str:  9    XL:     2   Next: 60%
Magic:  2/2        EV: 13    Int: 12    God:
Gold:   35         SH:  0    Dex: 15    Spells: 1/1 levels left

rFire    . . .     SeeInvis .   a - +0 short sword
rCold    . . .     Faith    .   (shield restricted)
rNeg     . . .     Spirit   .   e - +0 ring mail
rPois    .         Reflect  .   (no helmet)
rElec    .         Harm     .   (no cloak)
rCorr    .         Rampage  .   k - +0 pair of gloves
MR       .....                  (no boots)
Stlth    ++........             (no amulet)
HPRegen  0.06/turn              (no ring)
MPRegen  0.08/turn              (no ring)

@: no status effects
A: small, nightstalker 3
a: no special abilities


You were on level 1 of the Dungeon.
You visited 1 branch of the dungeon, and saw 2 of its levels.

You collected 35 gold pieces.

Inventory:

Hand Weapons
 a - a +0 short sword (weapon)
 c - a +1 hand crossbow
 i - a cursed -2 spear
Missiles
 d - 20 bolts
 g - 23 poisoned darts (quivered)
 m - 14 stones
Armour
 e - a +0 ring mail (worn)
 k - a +0 pair of gloves (worn)
Scrolls
 b - a scroll of remove curse {unknown}
 f - a scroll of identify {unknown}
 l - a scroll of immolation {unknown}
Potions
 h - a potion of curing {unknown}
 j - 2 potions of flight {unknown}


   Skills:
 + Level 2.4 Fighting
 + Level 5.1 Crossbows
 - Level 2.4 Dodging
 * Level 2.5 Stealth


You had one spell level left.
You didn't know any spells.
Your spell library was empty.

Dungeon Overview and Level Annotations

Branches:
Dungeon (2/15)

Altars:


Innate Abilities, Weirdness & Mutations

You are small and have problems with some larger weapons.
You are completely attuned to the shadows.


Message History

You hit the gnoll.
The gnoll is moderately wounded.
The gnoll barely misses you.
You barely miss the gnoll.
The gnoll is moderately wounded.
The gnoll hits you.
You closely miss the gnoll.
The gnoll is moderately wounded.
The gnoll hits you but does no damage.
You hit the gnoll but do no damage.
The gnoll is moderately wounded.
The gnoll hits you.
You hit the gnoll.
The gnoll is severely wounded.
The gnoll hits you.
* * * LOW HITPOINT WARNING * * *
You barely miss the gnoll.
The gnoll is severely wounded.
The gnoll hits you.
You die...

.....[......##.##.........#......
#.#.##.##.#.##.######.....#######
#.#....##......# #.....#
#.##.#####.....######.....#
..##.##....###....[##.....#
..##.#..#### #.....########
####...#######.....#
.....###...........#
####.....######g@..# # #######
#....# ######


You could see a gnoll.

Vanquished Creatures
  A leopard gecko (D:1)
  A bat (D:1)
  A giant cockroach (D:1)
  A goblin (D:1)
  2 hobgoblins (D:1)
  2 jackals (D:1)
  A frilled lizard (D:1)
  A kobold (D:1)
  2 rats (D:1)
12 creatures vanquished.

Notes
Turn   | Place    | Note
-------+----------+-------------------------------------------
     0 | D:1      | sokol815 the Kobold Hunter began the quest for the Orb.
     0 | D:1      | Reached XP level 1. HP: 12/12 MP: 1/1
   243 | D:1      | Reached skill level 5 in Crossbows
   256 | D:1      | Reached XP level 2. HP: 16/18 MP: 2/2
   610 | D:1      | Slain by a gnoll

Illustrated notes

Levels and vault maps discovered:
D:1:      eino_arrival_water_cross, layout_rooms
D:2:      layout_loops_cross, lemuel_zombie_altar_yredelemnul

Skill      XL: |  1 |
---------------+----+-----
Crossbows      | 5 |  5.1
Stealth        | 2 |  2.5
Fighting       | |  2.4
Dodging        | |  2.4

Action                   || total
-------------------------++-------
Melee: Short sword       ||    51
 Fire: Hand crossbow     ||     1
 Stab: Sleeping          ||     2
Armor: Ring mail         ||    18
Dodge: Dodged            ||    34

Table legend: (Time is in decaauts)
 A = Elapsed time spent in this place.
 B = Non-inter-level travel time spent in this place.
 C = Inter-level travel time spent in this place.
 D = Time resting spent in this place.
 E = Time spent auto-exploring this place.
 F = Levels seen in this place.
 G = Mean time per level.
                   A        B        C        D        E       F      G
               +--------+--------+--------+--------+--------+-----+--------+
         Total |    614 |    602 |     12 |    115 |    344 |   2 |  307.0 |
       Dungeon |    614 |    602 |     12 |    115 |    344 |   2 |  307.0 |
               +--------+--------+--------+--------+--------+-----+--------+

Top non-repeatable levels by time:
     D:1: 612 daAuts
     D:2: 1 daAuts
